 Dungeon Crawl Stone Soup version 0.17-a0-1793-gcbb3aa1 (webtiles) character file.

110 shakdrar the Skirmisher (level 4, -3/38 HPs)
             Began as a Ghoul Warper on Sept 9, 2015.
             Slain by Natasha (5 damage)
             ... on level 2 of the Dungeon.
             The game lasted 00:10:44 (2234 turns).

shakdrar the Skirmisher (Ghoul Warper)              Turns: 2234, Time: 00:10:45

Health: -3/38      AC:  3    Str: 14    XL:     4   Next: 91%
Magic:  5/5        EV: 11    Int:  8    God:
Gold:   76         SH:  0    Dex:  9    Spells: 2 memorised, 3 levels left

rFire  . . .     SeeInvis .       - Unarmed
rCold  + . .     Clarity  .     a - +0 leather armour
rNeg   + + +     SustAt   .     (no shield)
rPois  ∞         Gourm    .     (no helmet)
rElec  .         Spirit   .     (no cloak)
rCorr  .         Warding  .     (no gloves)
rMut   .         Stasis   .     (no boots)
MR     .....                    (no amulet)
Stlth  ..........               (no ring)
                                (no ring)

@: confused, rotting, not resistant to hostile enchantments, extremely
unstealthy
A: rotting body, claws 1, carnivore 3, cold resistance 1, negative energy
resistance 3, slow healing 1, torment resistance, unbreathing
a: no special abilities


You were on level 2 of the Dungeon.
You were not hungry.

You visited 1 branch of the dungeon, and saw 2 of its levels.

You collected 76 gold pieces.

Inventory:

Missiles
 f - 13 poisoned needles
 g - 2 curare-tipped needles
Armour
 a - a +0 leather armour (worn)
Scrolls
 c - a scroll of blinking
 d - 3 scrolls of identify
 h - 2 scrolls of fear
Potions
 k - a potion of might
Books
 b - a book of Spatial Translocations

   Spells                             Type                      Level
   a - Apportation                    Translocation                1
   b - Blink                          Translocation                2
   c - Shroud of Golubria             Charms/Translocation         2
   d - Portal Projectile              Translocation                3
   e - Teleport Other                 Translocation                3
   f - Passage of Golubria            Translocation                4
 n - Kikubaaqudgha's Guide on Sinister Rites
   (You found it on level 2 of the Dungeon)

   Spells                             Type                      Level
   a - Animate Skeleton               Necromancy                   1
 o - Sif Muna's Incunabulum of Enchantment
   (You found it on level 2 of the Dungeon)

   Spells                             Type                      Level
   a - Corona                         Hexes                        1
 p - Vehumet's Tome of Attacks
   (You found it on level 2 of the Dungeon)

   Spells                             Type                      Level
   a - Magic Dart                     Conjuration                  1
Comestibles
 e - a meat ration
 i - a royal jelly
 l - a beef jerky


   Skills:
 - Level 3.1 Fighting
 + Level 0.8 Throwing
 + Level 2.4 Armour
 + Level 2.1 Dodging
 + Level 3.0 Unarmed Combat
 + Level 1.9 Spellcasting
 + Level 2.9 Translocations


You had 3 spell levels left.
You knew the following spells:

 Your Spells              Type           Power        Failure   Level  Hunger
a - Apportation           Tloc           #.........   17%         1    ##.....
b - Blink                 Tloc           N/A          24%         2    ###....


Dungeon Overview and Level Annotations

Branches:
Dungeon (2/15)

Altars:
Kikubaaqudgha
Sif Muna
Vehumet
Xom

Annotations:
D:2 Natasha


Innate Abilities, Weirdness & Mutations

Your body is rotting away.
You thrive on raw meat.
You are immune to poison.
You have sharp fingernails.
You are carnivorous and can eat meat at any time.
Your flesh is cold resistant.
You are immune to negative energy.
You heal slowly when monsters are visible.
You are immune to unholy pain and torment.
You can survive without breathing.


Message History

You feel less confused.
Natasha mewls in sadness.
You closely miss Natasha.
Natasha is moderately wounded.
Natasha zaps a wand.
You are confused.
You scratch Natasha but do no damage. Your claw misses Natasha.
Natasha is moderately wounded.
Natasha stares at you and mumbles some strange words.
The magic dart hits you!
* * * LOW HITPOINT WARNING * * *
You bump into the rock wall.
Natasha zaps a wand.
Nothing appears to happen.
You closely miss Natasha.
Natasha is moderately wounded.
Natasha claws you.
* * * LOW HITPOINT WARNING * * *
You scratch Natasha but do no damage.
Natasha is moderately wounded.
Natasha claws you.
You die...

# #.............#.##.#.#.......#
####..........##.#.#..#.#.......#
...............#.#.#............#
..........####.#.#.#.)##....###.#
.......................#.)....<..
...............h.5.#..##.......<#
.........###.§..5.....##.##.###.#
.........####.#######....(....=..
...###......(..h@................
#..#_#.######.#######.#####.#####
#..#>#.# #....................
#..#.#.######..######.###.#......
#..#.#......#..# #.#..........
#..#.#.####.#..# #.#.#.#.####.
##.#8#.# #.#..# #.#.#.#.# #.
#.....# #.#..## #.#.#.#.# #.
####### #.....# #.#.#.#.# #.


You could see Natasha.

Vanquished Creatures
  Natasha (twice) (D:2)
  3 adders (D:2)
  3 worms (D:2)
  2 bats (D:2)
  3 giant cockroaches
  6 goblins
  5 hobgoblins
  2 jackals (D:2)
  2 ball pythons (D:2)
  2 giant geckos (D:2)
  4 giant newts
  4 kobolds
  5 rats
43 creatures vanquished.

Notes
Turn   | Place    | Note
--------------------------------------------------------------
     0 | D:1      | shakdrar the Ghoul Warper began the quest for the Orb.
     0 | D:1      | Reached XP level 1. HP: 17/17 MP: 2/2
   366 | D:1      | Reached XP level 2. HP: 23/25 MP: 3/3
   656 | D:1      | Learned a level 2 spell: Blink
   719 | D:1      | Reached skill level 1 in Armour
  1014 | D:2      | Reached XP level 3. HP: 2/29 MP: 4/4
  1433 | D:2      | Found a shimmering altar of Xom.
  1616 | D:2      | Reached XP level 4. HP: 35/37 MP: 5/5
  1687 | D:2      | Noticed Natasha
  1693 | D:2      | Killed Natasha
  1693 | D:2      | Noticed Natasha
  1706 | D:2      | Killed Natasha
  1706 | D:2      | Reached skill level 3 in Fighting
  2025 | D:2      | Found an ancient bone altar of Kikubaaqudgha.
  2033 | D:2      | Found a radiant altar of Vehumet.
  2033 | D:2      | Found a deep blue altar of Sif Muna.
  2038 | D:2      | Identified Kikubaaqudgha's Guide on Sinister Rites
  2046 | D:2      | Identified Sif Muna's Incunabulum of Enchantment
  2055 | D:2      | Identified Vehumet's Tome of Attacks
  2173 | D:2      | Noticed Natasha
  2234 | D:2      | Slain by Natasha

Vault maps used:
D:1:      kilobyte_arrival_exit_the_forest
D:2:      grunt_temple_overflow_magic_moments, first_bread, lemuel_statue_altar,
          uniq_natasha

Action                   |  1- 3 |  4- 6 || total
-------------------------+-------+-------++-------
Melee: Unarmed           |   126 |    76 ||   202
Throw: Tomahawk          |     5 |       ||     5
  Use: Scroll            |     5 |     1 ||     6
       Potion            |     1 |     3 ||     4
  Eat: Chunk             |    17 |     6 ||    23
